 Dungeon Crawl Stone Soup version 0.28-a0-1033-g1a2f33fa85 (webtiles) character file.

Game seed: 435644936701923663

798 tilp the Frost Mage (level 7, 30/30 HPs)
             Began as a Felid Ice Elementalist on Dec 7, 2021.
             Was an Initiate of Ru.
             Quit the game on level 8 of the Dungeon.
             The game lasted 00:19:18 (13044 turns).

tilp the Frost Mage (Felid Ice Elementalist)       Turns: 13044, Time: 00:19:20

Health: 30/30      AC:  2    Str:  2    XL:     7   Next: 58%
Magic:  16/16      EV: 18    Int: 27    God:    Ru [......]
Gold:   405        SH:  0    Dex: 16    Spells: 6/17 levels left
                                        Lives:  0   Deaths: 2

rFire   . . .      SeeInvis +     - Unarmed
rCold   . . .      Faith    +   (shield unavailable)
rNeg    . . .      Spirit   .   (armour unavailable)
rPois   +          Reflect  .   (helmet unavailable)
rElec   .          Harm     .   (cloak unavailable)
rCorr   .          Rampage  .   (gloves unavailable)
Will    +....                   (boots unavailable)
Stlth   +++.......              l - amulet of faith
HPRegen 0.10/turn               i - ring of poison resistance
MPRegen 0.15/turn               n - +6 ring of intelligence

@: quick
A: very small, claws 1, fangs 3, see invisible, speed 1, shaggy fur 2, weak 1,
stealthy paws, no weapons or thrown items, no armour, multi-lived
a: Renounce Religion


You were on level 8 of the Dungeon.
You worshipped Ru.
Ru was noncommittal.
You visited 2 branches of the dungeon, and saw 9 of its levels.
You also visited: Sewer.

You collected 405 gold pieces.

Inventory:

Jewellery
 i - a ring of poison resistance (left paw)
 k - a ring of willpower
 l - an amulet of faith (around neck)
 n - a +6 ring of intelligence (right paw)
Wands
 m - a wand of acid (1)
Scrolls
 b - 6 scrolls of teleportation
Potions
 a - a potion of brilliance
 c - a potion of might {unknown}
 d - a potion of curing
 e - 2 potions of ambrosia
 f - 3 potions of heal wounds
 g - a potion of attraction {unknown}
 j - a potion of berserk rage {unknown}
 p - 2 potions of flight


   Skills:
 - Level 2.0 Fighting
 - Level 4.0 Dodging
 - Level 6.0 Stealth
 - Level 4.0 Unarmed Combat
 + Level 5.7 Spellcasting
 * Level 5.7 Conjurations
 - Level 8.0 Ice Magic


You had 6 spell levels left.
You knew the following spells:

 Your Spells              Type           Power      Damage    Failure   Level
a - Freeze                Ice            100%       1d11      1%          1
b - Frozen Ramparts       Ice            100%       1d12      1%          3
c - Ozocubu's Armour      Ice            50%        N/A       1%          3
d - Hailstorm             Conj/Ice       44%        3d10      4%          4

Your spell library contained the following spells:

 Spells                   Type           Power      Damage    Failure   Level
 Animate Skeleton         Necr           14%        N/A       7%          1
 Pain                     Necr           28%        1d5       7%          1
 Sting                    Tmut/Pois      28%        1d4       7%          1
 Poisonous Vapours        Pois/Air       14%        N/A       10%         2
 Call Canine Familiar     Summ           7%         N/A       21%         3
 Gell's Gravitas          Tloc           7%         N/A       21%         3
 Teleport Other           Tloc           7%         N/A       21%         3
 Vampiric Draining        Necr           7%         2d6       21%         3
 Leda's Liquefaction      Hex/Erth       3%         N/A       54%         4
 Olgreb's Toxic Radiance  Pois           7%         N/A       54%         4
 Dispersal                Tloc           3%         N/A       100%        6
 Portal Projectile        Hex/Tloc       Unusable   N/A       N/A         3

Dungeon Overview and Level Annotations

Branches:
Dungeon (8/15)             Temple (1/1) D:6           Sewer (visited)
   Lair: D:8-11

Altars:
Ashenzari
Cheibriados
Dithmenos
Elyvilon
Fedhas
Gozag
Hepliaklqana
Kikubaaqudgha
Makhleb
Nemelex Xobeh
Okawaru
Qazlal
Ru
Sif Muna
Trog
Uskayaw
Vehumet
Wu Jian
Xom
Yredelemnul
Zin
The Shining One

Annotations:
D:3 Sigmund
D:5 exclusions: ogre, rat, river rat and ufetubus, Blork the orc, Dowan, Menkaure
D:8 exclusion: boulder beetle


Innate Abilities, Weirdness & Mutations

You have sharp claws.
You have razor-sharp teeth.
You have supernaturally acute eyesight. (SInv)
You cover ground quickly. (Speed+)
You are covered in thick fur. (AC +2)
You are weak. (Str -2)
Your paws help you pounce on unaware monsters.
You are incapable of wielding weapons or throwing items.
You cannot wear armour.
You gain extra lives every three experience levels.


Message History

You start resting.
HP restored.
Things that are here:
a +4 great sword; a +0 robe You see here a +0 hunting sling.
Things that are here:
a +0 short sword; a +0 robe Done exploring.
Done exploring.
Done exploring.
Done exploring.
Done exploring.
Okay, then.
(D) Dungeon (T) Temple
Where to? (Enter - D:7 @ (x,y), ? - help)
There is a stone staircase leading down here.
You climb downwards.
Level annotation: exclusion: boulder beetle The wight hits you with a +0 falchion!
The wight completely misses you. The wight barely misses you.
The wight hits you with a +0 war axe. The wight misses you.
The wight hits you with a +1 flail of freezing.
The wight freezes you.
There is a stone staircase leading up, spattered with blood here.
The wight hits you with a +4 falchion of freezing!
* * * LOW HITPOINT WARNING * * *
The wight freezes you.
* * * LOW HITPOINT WARNING * * *
The wight hits you with a +0 scimitar!
Ouch! That really hurt!
You stop ascending the stairs.
You die...
You feel drained. The wight barely misses you. The wight misses you.
The wight closely misses you.
You are now level 7!
You rejoin the land of the living...
Found a scroll labelled YMEVEL LIKHA.
Unknown command.
Unknown command.
Are you sure you want to abandon this character and quit the game? (Confirm with "yes".)

### ... #.#
###.# #..@#
..........#
.?..###......
..# #...#....
. #..## ##.
#..# ..## ..#


There were no monsters in sight!

Vanquished Creatures
  A steam dragon (D:6)
  3 water moccasins
  An ice beast (D:7)
  A sky beast (D:5)
  An ogre (D:5)
  2 centaurs
  2 phantoms (D:4)
  A kobold brigand (D:4)
  2 bullfrogs (Sewer)
  A gnoll sergeant (D:7)
  A scorpion (D:6)
  2 water moccasin skeletons
  4 killer bees (D:7)
  7 wights
  3 howler monkeys (D:7)
  A bullfrog zombie (D:6)
  A gnoll shaman (D:6)
  4 hounds
  A jelly (D:4)
  An orc priest (D:3)
  Crazy Yiuf (D:6)
  3 centaur skeletons
  3 iguanas
  6 orc wizards
  A killer bee zombie (D:7)
  2 hound skeletons (D:4)
  A howler monkey zombie (D:5)
  6 gnolls
  A howler monkey skeleton (D:7)
  11 adders
  A white imp (D:6)
  An adder skeleton (D:4)
  3 worms
  2 dart slugs (D:1)
  19 orcs
  4 bats (D:1)
  14 endoplasms
  15 giant cockroaches (Sewer)
  10 goblins
  4 hobgoblins
  2 jackals (D:1)
  5 kobolds
  16 quokkas
  21 ball pythons
  13 frilled lizards
  8 rats
213 creatures vanquished.

Vanquished Creatures (others)
  3 fungi (D:6)
3 creatures vanquished.

Grand Total: 216 creatures vanquished

Notes
Turn   | Place    | Note
-------+----------+-------------------------------------------
     0 | D:1      | tilp the Felid Ice Elementalist began the quest for the
                  | Orb.
     0 | D:1      | Reached XP level 1. HP: 7/7 MP: 4/4
   261 | D:1      | Reached skill level 1 in Unarmed Combat
   457 | D:1      | Reached XP level 2. HP: 11/11 MP: 1/6
   747 | D:1      | Found a faded altar of an unknown god.
  1236 | D:1      | Reached XP level 3. HP: 10/14 MP: 5/7
  1245 | D:1      | Learned a level 3 spell: Frozen Ramparts
  1489 | D:2      | Reached skill level 4 in Ice Magic
  2398 | D:2      | Reached XP level 4. HP: 12/18 MP: 0/8
  2588 | D:2      | Learned a level 3 spell: Ozocubu's Armour
  2989 | D:3      | Noticed Sigmund
  3226 | D:3      | Reached XP level 5. HP: 20/21 MP: 7/10
  4292 | D:4      | Reached skill level 5 in Ice Magic
  4601 | D:4      | Found a glowing drain.
  4730 | Sewer    | Entered a sewer
  4971 | Sewer    | Gained mutation: You are covered in thick fur. (AC +2)
                  | [Felid growth]
  4971 | Sewer    | Reached XP level 6. HP: 24/24 MP: 7/12
  6277 | Sewer    | Reached skill level 6 in Ice Magic
  6569 | D:4      | Found a blossoming altar of Fedhas.
  6658 | D:4      | Learned a level 4 spell: Hailstorm
  6722 | D:4      | Reached skill level 1 in Fighting
  6722 | D:4      | Reached XP level 7. HP: 13/28 MP: 6/14
  7952 | D:5      | Entered Level 5 of the Dungeon
  7982 | D:5      | Noticed Dowan
  8426 | D:5      | Reached skill level 5 in Stealth
  8428 | D:5      | Reached XP level 8. HP: 33/33 MP: 5/15
  8550 | D:5      | Reached skill level 1 in Conjurations
  8711 | D:5      | Noticed Menkaure
  8750 | D:5      | Noticed Blork the orc
  9661 | D:6      | Reached skill level 7 in Ice Magic
 10181 | D:6      | Found a staircase to the Ecumenical Temple.
 10355 | Temple   | Entered the Ecumenical Temple
 10580 | Temple   | Became a worshipper of Ru the Awakened
 10623 | D:6      | Found a runed translucent door.
 10624 | D:6      | Noticed Crazy Yiuf
 10659 | D:6      | Reached skill level 5 in Spellcasting
 10659 | D:6      | Reached XP level 9. HP: 35/36 MP: 15/17
 10806 | D:6      | Killed Crazy Yiuf
 11968 | D:7      | Reached skill level 5 in Conjurations
 11968 | D:7      | Reached skill level 8 in Ice Magic
 12617 | D:8      | Noticed a boulder beetle
 12671 | D:7      | Slain by a wight
 12672 | D:7      | Reached XP level 8. HP: -1/32 MP: 17/17
 12808 | D:7      | Gained mutation: You are weak. (Str -2) [Ru sacrifice]
 13043 | D:8      | Mangled by a wight
 13044 | D:8      | Reached XP level 7. HP: -13/25 MP: 16/16
 13044 | D:8      | Quit the game

Illustrated notes

Levels and vault maps discovered:
D:1:      beargit_arrival_diablo_church, layout_loops_corners,
          hellmonk_ecumenical_altar_pennies_from_heaven
D:2:      layout_basic
D:3:      layout_basic, dk_noncrumbling_2, palyth_stone_intersect, uniq_sigmund
D:4:      minmay_spotlight, layout_loops_ring, mainiacjoe_overflow_alcove_2,
          portal_sewer_entry_d
D:5:      lemuel_ratsnest, layout_rooms, amcnicky_mini_pool_small,
          minmay_quadrilaterals, uniq_duvessa, uniq_menkaure, uniq_pikel,
          uniq_edmund, uniq_blork_the_orc
D:6:      layout_loops_ring, minmay_temple_entry_trees, uniq_crazy_yiuf_cottage
D:7:      layout_basic, minmay_misc_feat_plants, kennysheep_decorative_pillar
D:8:      cheibrodos_frozen_isle, layout_layer_cave, grunt_ministairs_1,
          fungi_pond_lemuel
Temple:   mainiacjoe_temple_archimedes_tessellation

Skill      XL: |  1  2  3  4  5  6  7  8  9 |
---------------+----------------------------+-----
Unarmed Combat | 1 2 4 |  4.0
Ice Magic      | 4 5 6 7 8 |  8.0
Spellcasting   | 3 4 5 |  5.7
Stealth        | 3 6 |  6.0
Dodging        | 3 4 |  4.0
Fighting       | 1 2 |  2.0
Conjurations   | 4 5 |  5.7

Action                   |  1- 3 |  4- 6 |  7- 9 || total
-------------------------+-------+-------+-------++-------
Melee: Unarmed           |    18 |    86 |   186 ||   290
       Bite              |     1 |     6 |    18 ||    25
       Punch             |       |     1 |     4 ||     5
 Cast: Freeze            |    39 |    69 |    41 ||   149
       Frozen Ramparts   |     7 |    26 |    27 ||    60
       Ozocubu's Armour  |       |     9 |    30 ||    39
       Hailstorm         |       |       |    15 ||    15
Invok: Sacrifice Purity  |       |       |     1 ||     1
  Use: Scroll            |     2 |     5 |     5 ||    12
       Potion            |     2 |     1 |     1 ||     4
 Stab: Sleeping          |     6 |     5 |     8 ||    19
Armor: Skin              |     1 |    23 |    38 ||    62
Dodge: Dodged            |    36 |   101 |   179 ||   316

Table legend: (Time is in decaauts)
 A = Elapsed time spent in this place.
 B = Non-inter-level travel time spent in this place.
 C = Inter-level travel time spent in this place.
 D = Time resting spent in this place.
 E = Time spent auto-exploring this place.
 F = Levels seen in this place.
 G = Mean time per level.
                   A        B        C        D        E       F      G
               +--------+--------+--------+--------+--------+-----+--------+
         Total |  11974 |  11324 |    650 |   3965 |   5569 |  10 | 1197.4 |
       Dungeon |  10001 |   9395 |    606 |   2784 |   5129 |   8 | 1250.1 |
        Temple |    190 |    147 |     43 |      0 |    131 |   1 |  190.0 |
         Sewer |   1781 |   1781 |      0 |   1181 |    309 |   1 | 1781.0 |
               +--------+--------+--------+--------+--------+-----+--------+

Top non-repeatable levels by time:
     D:7: 1956 daAuts
     D:4: 1822 daAuts
   Sewer: 1781 daAuts
     D:2: 1469 daAuts
     D:1: 1314 daAuts
     D:6: 1264 daAuts
     D:3: 1122 daAuts
     D:5: 1043 daAuts
  Temple: 190 daAuts
     D:8: 8 daAuts
